 Dungeon Crawl Stone Soup version 0.24.0-37-gcf1ca852f1 (webtiles) character file.

Game seed: 1411040147951655171, levelgen mode: deterministic

14988 DildoBatman the Geomancer (level 12, -9/83 HPs)
             Began as a Formicid Wizard on Nov 29, 2019.
             Was a High Priest of Kikubaaqudgha.
             Mangled by Snorg (19 damage)
             ... on level 2 of the Orcish Mines.
             The game lasted 00:52:57 (11777 turns).

DildoBatman the Geomancer (Formicid Wizard)        Turns: 11777, Time: 00:52:58

Health: -9/83      AC:  7    Str: 12    XL:     12   Next: 52%
Magic:  23/40      EV: 13    Int: 23    God:    Kikubaaqudgha [*****.]
Gold:   995        SH:  0    Dex:  9    Spells: 3/25 levels left

rFire    . . .     SeeInvis +   b - +3 trident (freeze)
rCold    + . .     Gourm    .   (no shield)
rNeg     . . .     Faith    .   r - +2 leather armour {rC+}
rPois    .         Spirit   .   (helmet unavailable)
rElec    .         Reflect  .   G - +0 cloak
rCorr    .         Harm     .   s - +0 pair of gloves
MR       +....                  (no boots)
Stlth    ++........             P - amulet of the acrobat
HPRegen  1.23/turn              V - ring of magical power
MPRegen  0.27/turn              e - ring of magical power

@: regenerating
A: permanent stasis, dig shafts and tunnels, four strong arms, antennae 3
a: Dig, Shaft Self, Receive Corpses, Torment, Renounce Religion


You were on level 2 of the Orcish Mines.
You worshipped Kikubaaqudgha.
Kikubaaqudgha was extremely pleased with you.
You were hungry.

You visited 3 branches of the dungeon, and saw 14 of its levels.

You collected 995 gold pieces.

Inventory:

Hand Weapons
 a - a +2 shortbow of freezing
 b - a +3 trident of freezing (weapon)
 R - a +5 falchion
 S - the +2 mace of Compulsion {crush, rF+}
   (You found it on level 11 of the Dungeon)

   It inflicts extra damage upon your enemies.
   It protects you from fire.
Missiles
 c - 226 stones (quivered)
 d - 35 sling bullets
 g - 16 boomerangs
 i - 36 poisoned darts
 l - 302 arrows
 p - 8 curare-tipped darts
 u - 8 javelins
 D - 42 bolts
 Q - 2 throwing nets
 W - 5 boomerangs of dispersal
Armour
 r - a +2 leather armour of cold resistance (worn)
 s - a +0 pair of gloves (worn)
 G - a +0 cloak (worn)
Jewellery
 e - a ring of magical power (right hand)
 j - an uncursed ring of protection from cold
 P - an amulet of the acrobat (around neck)
 V - a ring of magical power (left hand)
Wands
 B - a wand of iceblast (17)
 F - a wand of clouds (4)
 H - a wand of acid (5)
 J - a wand of flame (12)
 O - a wand of scattershot (4)
Scrolls
 f - 2 scrolls of fear
 m - 3 scrolls of immolation
 t - a scroll of enchant weapon {unknown}
 w - a scroll of torment {unknown}
 x - 8 scrolls of remove curse
 y - 3 scrolls of enchant armour
 z - 5 scrolls of identify
 C - 2 scrolls of magic mapping
Potions
 h - 6 potions of curing
 k - 4 potions of agility
 n - 2 potions of magic
 o - a potion of brilliance {unknown}
 q - 6 potions of heal wounds
 A - 3 potions of cancellation
 E - 3 potions of lignification
 I - a potion of degeneration {unknown}
 K - a potion of haste {unknown}
 U - a potion of flight {unknown}
Miscellaneous
 N - a phial of floods
Comestibles
 v - 25 rations


   Skills:
 * Level 3.9 Fighting
 * Level 3.9 Armour
 * Level 3.9 Dodging
 - Level 2.4 Stealth
 - Level 7.3 Spellcasting
 - Level 6.0 Conjurations
 - Level 4.0 Charms
   Level 1.0 Summonings
 - Level 10.0 Necromancy
   Level 0.8 Translocations
 - Level 5.0 Fire Magic
 - Level 5.1 Air Magic
 - Level 10.0 Earth Magic


You had 3 spell levels left.
You knew the following spells:

 Your Spells              Type           Power        Failure   Level  Hunger
a - Conjure Flame         Conj/Fire      ####....     3%          3    None
b - Borgnjor's Vile Clut  Necr/Erth      ######....   4%          5    #####..
c - Magic Dart            Conj           ####         1%          1    None
d - Regeneration          Chrm/Necr      #####.....   1%          3    None
e - Mephitic Cloud        Conj/Pois/Air  ####....     6%          3    None
h - Dispel Undead         Necr           ######..     4%          5    #####..
z - Sublimation of Blood  Necr           ######....   1%          2    None

Your spell library contained the following spells:

 Spells                   Type           Power        Failure   Level  Hunger
 Animate Skeleton         Necr           N/A          1%          1    None
 Pain                     Necr           ####         1%          1    None
 Vampiric Draining        Necr           ######....   1%          3    None
 Call Imp                 Summ           ##......     10%         2    None
 Slow                     Hex            #.......     14%         2    None
 Animate Dead             Necr           N/A          1%          4    ###....
 Excruciating Wounds      Chrm/Necr      #####.....   14%         5    #####..
 Death Channel            Necr           ######....   24%         6    ######.
 Blink                    Tloc           Unusable     N/A         2    N/A

Dungeon Overview and Level Annotations

Branches:
Dungeon (11/15)            Temple (1/1) D:4            Lair (0/6) D:11
    Orc (2/2) D:11            Elf (0/3) Orc:2

Altars:
Ashenzari
Cheibriados
Dithmenos
Elyvilon
Fedhas
Gozag
Hepliaklqana
Kikubaaqudgha
Makhleb
Nemelex Xobeh
Okawaru
Qazlal
Ru
Sif Muna
Trog
Uskayaw
Vehumet
Wu Jian
Xom
Yredelemnul
Zin
The Shining One

Shops:
D:8 (*(

Annotations:
D:5 exclusion: oklob plant
Orc:2 Snorg


Innate Abilities, Weirdness & Mutations

You cannot be hasted, slowed, berserked, paralysed or teleported.
You can dig through walls and to a lower floor.
Your four strong arms can wield two-handed weapons with a shield.
You have a pair of large antennae on your head. (SInv)


Message History

Snorg misses you. Snorg claws you! Snorg closely misses you.
Snorg is engulfed in blazing flames.
Snorg barely misses you. Snorg claws you!! Snorg claws you!
Aiming: Corrosive Bolt
Press: ? - help, Shift-Dir - straight line, f/p - Snorg
Aim: Snorg (flame, severely wounded, berserk, fast, unusually strong, covered in acid)
The bolt of acid hits Snorg!
Snorg is splashed with acid.
Snorg seems to be corroded for longer.
Snorg is almost dead.
Snorg is engulfed in blazing flames.
Snorg bites you but does no damage. Snorg claws you! Snorg claws you!!
You die...
Kikubaaqudgha rasps: "You have failed me!
Welcome... death!"

###...... {
###{#......###+
##{{o.......{. .
##{##{##.##..#
##§####.## ...# {{
#§####..o#....# {
#§###.#.{#.$..#
#T##..{.{{{...####
#@###.#.<{{{o..o..
##.###......o.....
.o.#.........o..
.......#........
##..............
#..............
##..$..........
......#.......
#......


You could see Snorg (berserk) and an orc.

Vanquished Creatures
  A centaur warrior (D:9)
  A two-headed ogre (D:8)
  An orc high priest (Orc:1)
  3 orc sorcerers (Orc:1)
  A cyclops (Orc:1)
  Maurice (D:10)
  A centaur skeleton (D:11)
  5 polar bears
  4 trolls
  A hornet (D:10)
  2 hippogriffs (D:11)
  6 yaks
  A spriggan (D:9)
  A wyvern (D:9)
  5 wargs
  4 sky beasts
  11 orc warriors
  4 ice beasts
  3 necrophages
  2 phantoms (D:9)
  12 ogres
  3 centaurs
  A big kobold (D:11)
  6 bullfrogs
  3 scorpions
  3 killer bees (D:9)
  2 electric eels (D:8)
  15 wights
  A howler monkey (D:4)
  4 crimson imps
  A wyvern simulacrum (D:8)
  2 quasits
  A bullfrog zombie (D:11)
  2 hounds
  3 jellies
  20 orc wizards
  3 bullfrog skeletons
  A gnoll shaman (D:5)
  12 orc priests
  3 iguanas
  6 worker ants
  2 hound zombies
  A hound skeleton (D:4)
  A killer bee simulacrum (D:8)
  A worker ant zombie (D:9)
  10 adders
  A howler monkey skeleton (D:9)
  3 gnolls (D:5)
  3 shadow imps
  5 white imps
  A worker ant simulacrum (D:8)
  An ooze (D:5)
  An adder skeleton (D:7)
  2 adder zombies (D:6)
  2 worms
  3 leopard geckos
  69 orcs
  A ball python (D:2)
  10 bats
  7 giant cockroaches
  9 goblins
  10 hobgoblins
  7 jackals
  6 quokkas
  A ball python zombie (D:5)
  4 frilled lizards
  A giant cockroach zombie (D:5)
  13 kobolds
  A quokka zombie (D:6)
  7 rats
345 creatures vanquished.

Vanquished Creatures (others)
  An electric eel (D:8)
  2 plants (D:11)
  12 toadstools (D:5)
15 creatures vanquished.

Grand Total: 360 creatures vanquished

Notes
Turn   | Place    | Note
-------+----------+-------------------------------------------
     0 | D:1      | DildoBatman the Formicid Wizard began the quest for the
                  | Orb.
     0 | D:1      | Reached XP level 1. HP: 13/13 MP: 4/4
    62 | D:1      | Reached skill level 1 in Conjurations
   418 | D:1      | Reached XP level 2. HP: 19/19 MP: 4/6
  1108 | D:1      | You fall into a shaft and drop 1 floor!
  1198 | D:1      | Reached XP level 3. HP: 16/24 MP: 2/7
  1452 | D:2      | Learned a level 3 spell: Conjure Flame
  1456 | D:2      | Learned a level 3 spell: Mephitic Cloud
  1768 | D:2      | Reached XP level 4. HP: 30/30 MP: 1/8
  2131 | D:2      | Reached XP level 5. HP: 27/35 MP: 2/9
  2387 | D:2      | You fall into a shaft and drop 1 floor!
  2883 | D:3      | Reached XP level 6. HP: 31/41 MP: 5/10
  2914 | D:3      | Reached skill level 5 in Conjurations
  2946 | D:3      | Found a bloodstained altar of Trog.
  3693 | D:4      | Found a staircase to the Ecumenical Temple.
  3704 | Temple   | Entered the Ecumenical Temple
  3939 | Temple   | Became a worshipper of Kikubaaqudgha
  3996 | D:4      | Reached XP level 7. HP: 38/46 MP: 5/11
  4013 | D:4      | Reached skill level 1 in Fire Magic
  4014 | D:4      | Reached skill level 1 in Air Magic
  4267 | D:4      | Learned a level 3 spell: Regeneration
  4552 | D:5      | Entered Level 5 of the Dungeon
  4806 | D:5      | Reached XP level 8. HP: 49/52 MP: 3/12
  5146 | D:5      | Found a blossoming altar of Fedhas.
  5165 | D:5      | Noticed an oklob plant
  5375 | D:5      | Reached skill level 1 in Charms
  5701 | D:6      | Reached skill level 1 in Necromancy
  5938 | D:6      | Reached * piety under Kikubaaqudgha
  5938 | D:6      | Identified Kikubaaqudgha's Volume of Stolen Souls
                  | (Kikubaaqudgha gifted it to you on level 6 of the Dungeon)
  5938 | D:6      | Received a gift from Kikubaaqudgha
  5943 | D:6      | Learned a level 2 spell: Sublimation of Blood
  6079 | D:6      | Found a white marble altar of Elyvilon.
  6683 | D:7      | Reached XP level 9. HP: 57/57 MP: 9/13
  6915 | D:7      | Reached skill level 5 in Fire Magic
  7164 | D:8      | Noticed a polar bear
  7164 | D:8      | Noticed a polar bear
  7206 | D:8      | Noticed a two-headed ogre
  7293 | D:8      | Noticed a polar bear
  7296 | D:8      | Killed a polar bear
  7296 | D:8      | Reached ** piety under Kikubaaqudgha
  7526 | D:7      | Killed a polar bear
  7552 | D:7      | Killed a polar bear
  7552 | D:7      | Reached skill level 5 in Air Magic
  7637 | D:8      | Found Xiorghyff's Assorted Antiques.
  7653 | D:8      | Noticed a polar bear
  7696 | D:8      | Killed a polar bear
  7696 | D:8      | Reached skill level 5 in Necromancy
  7759 | D:8      | Found Jeoprol's Weapon Boutique.
  7785 | D:8      | Noticed a polar bear
  7814 | D:8      | Killed a polar bear
  7814 | D:8      | Reached XP level 10. HP: 46/63 MP: 6/14
  7898 | D:8      | Found Distos's Antique Weapon Emporium.
  8075 | D:8      | Killed a two-headed ogre
  8571 | D:9      | Reached skill level 5 in Spellcasting
  8765 | D:9      | Noticed a centaur warrior
  8772 | D:9      | Killed a centaur warrior
  8772 | D:9      | Reached XP level 11. HP: 54/68 MP: 15/21
  8806 | D:9      | Reached skill level 1 in Fighting
  8806 | D:9      | Reached skill level 1 in Armour
  8820 | D:9      | Reached *** piety under Kikubaaqudgha
  8820 | D:9      | Identified Kikubaaqudgha's Grimoire of Sinister Rituals
                  | (Kikubaaqudgha gifted it to you on level 9 of the Dungeon)
  8820 | D:9      | Received a gift from Kikubaaqudgha
  8837 | D:9      | Learned a level 5 spell: Borgnjor's Vile Clutch
  8843 | D:9      | Learned a level 5 spell: Dispel Undead
  9010 | D:9      | Reached skill level 1 in Earth Magic
  9297 | D:10     | Entered Level 10 of the Dungeon
  9407 | D:10     | Noticed Maurice
  9420 | D:10     | Reached skill level 5 in Earth Magic
  9433 | D:10     | Killed Maurice
 10082 | D:11     | Got a bloodstained mace
 10083 | D:11     | Identified the cursed +2 mace of Compulsion {crush, rF+}
                  | (You found it on level 11 of the Dungeon)
 10182 | D:11     | Reached **** piety under Kikubaaqudgha
 10287 | D:11     | Found a staircase to the Lair.
 10442 | D:11     | Found a staircase to the Orcish Mines.
 10588 | D:11     | Found a white marble altar of Elyvilon.
 10949 | D:11     | Reached XP level 12. HP: 77/77 MP: 22/22
 11052 | Orc:1    | Entered Level 1 of the Orcish Mines
 11112 | Orc:1    | Reached skill level 10 in Earth Magic
 11136 | Orc:1    | Reached skill level 10 in Necromancy
 11176 | Orc:1    | Noticed an orc high priest
 11178 | Orc:1    | Noticed a sixfirhy
 11182 | Orc:1    | Killed an orc high priest
 11244 | Orc:1    | Noticed a soul eater
 11367 | Orc:1    | You fall into a shaft and drop 1 floor!
 11367 | Orc:2    | Entered Level 2 of the Orcish Mines
 11367 | Orc:2    | Noticed Snorg
 11368 | Orc:2    | Found a staircase to the Elven Halls.
 11396 | Orc:1    | Reached ***** piety under Kikubaaqudgha
 11777 | Orc:2    | Mangled by Snorg

Levels and vault maps discovered:
D:1:      sevenhm_arrival_forest_fort_large_4, layout_loops_cross,
          serial_forest, infiniplex_forest_straight_2,
          infiniplex_forest_zigzag_1, infiniplex_forest_straight_2,
          infiniplex_forest_lined_1, infiniplex_forest_diagonal,
          infiniplex_forest_clump_small, infiniplex_forest_corner_2,
          infiniplex_forest_lined_3, infiniplex_forest_end_1
D:2:      layout_loops_cross, minmay_joined_circles
D:3:      layout_loops_ring, trog_three_pillars_becter
D:4:      layout_loops_cross, minmay_temple_entry_junction, hangedman_decor_push
D:5:      layout_basic, first_ration, minivault_27, serial_bayou_pond_e,
          tgw_fedhas
D:6:      layout_loops_ring, overflow_temple_1_default
D:7:      layout_cave_pools, serial_park
D:8:      layout_cave_pools, serial_shops, shop_fountains, nicolae_shop_stone,
          shop, serial_ice, serial_ice_i, serial_ice_e, serial_ice_m,
          serial_ice_n, serial_ice_h, serial_ice_a, serial_ice_g, serial_ice_c
D:9:      minmay_distorted_concentric_squares, layout_irregular_city, the_bakery
D:10:     layout_basic, uniq_maurice
D:11:     layout_roguey, erik_lair_orcish_takeover, orc_0_dummy,
          elyvilon_altar_5
Temple:   roderic_octagonal_lattice_temple
Orc:1:    layout_caves
Orc:2:    st_orc_town, layout_caves, uniq_snorg

Skill      XL: |  1  2  3  4  5  6  7  8  9 10 11 12 |
---------------+-------------------------------------+-----
Conjurations   | 1 2 3 4 6 |  6.0
Fire Magic     | 3 4 5 |  5.0
Air Magic      | 2 3 5 |  5.1
Charms         | 2 4 |  4.0
Necromancy     | 2 6 9 10 | 10.0
Spellcasting   | 6 7 |  7.3
Fighting       | 1 3 |  3.9
Armour         | 1 3 |  3.9
Dodging        | 2 3 |  3.9
Earth Magic    | 9 10 | 10.0
Stealth        | |  2.4
Summonings     | |  1.0
Translocations | |  0.8

Action                   |  1- 3 |  4- 6 |  7- 9 | 10-12 || total
-------------------------+-------+-------+-------+-------++-------
Melee: Unarmed           |     1 |       |       |       ||     1
       Dagger            |       |   111 |   132 |       ||   243
       Club              |       |     4 |       |       ||     4
       Trident           |       |       |   102 |   404 ||   506
 Fire: Hunting sling     |       |    62 |    34 |       ||    96
       Shortbow          |       |       |    20 |    91 ||   111
Throw: Stone             |       |       |     2 |       ||     2
 Cast: Magic Dart        |    66 |    49 |    81 |    55 ||   251
       Mephitic Cloud    |       |    12 |    27 |    47 ||    86
       Conjure Flame     |       |       |    38 |    80 ||   118
       Regeneration      |       |       |    14 |    29 ||    43
       Sublimation of Bl |       |       |     5 |     5 ||    10
       Dispel Undead     |       |       |       |    11 ||    11
       Borgnjor's Vile C |       |       |       |     7 ||     7
 Abil: Dig               |       |     6 |    12 |    31 ||    49
Evoke: Wand              |       |       |       |     7 ||     7
  Use: Scroll            |       |     1 |     8 |     5 ||    14
       Potion            |       |       |     1 |       ||     1
 Stab: Sleeping          |       |     1 |       |       ||     1
       Confused          |       |     2 |     5 |    13 ||    20
  Eat: Chunk             |     2 |     9 |    21 |    25 ||    57
Armor: Robe              |     1 |    25 |       |       ||    26
       Leather armour    |       |     4 |    74 |    51 ||   129
Dodge: Dodged            |     9 |    77 |   130 |   130 ||   346
